 Dungeon Crawl Stone Soup version 0.18.1-50-g88ac8fd (webtiles) character file.

158 Drunkenshrew the Firebug (level 5, 0/42 HPs)
             Began as a Draconian Fire Elementalist on Oct 4, 2016.
             Killed from afar by Drunkenshrew's ghost (7 damage)
             ... with a flame tongue
             ... on level 3 of the Dungeon.
             The game lasted 00:10:21 (2676 turns).

Drunkenshrew the Firebug (DrFE)                     Turns: 2676, Time: 00:10:23

Health: 0/42       AC:  5    Str: 10    XL:     5   Next: 16%
Magic:  8/8        EV: 12    Int: 17    God:
Gold:   121        SH:  0    Dex: 11    Spells: 1 memorised, 7 levels left

rFire  . . .     SeeInvis .     e - +0 mace
rCold  . . .     Gourm    .     (armour unavailable)
rNeg   . . .     Faith    .     (no shield)
rPois  .         Spirit   .     (helmet restricted)
rElec  .         Dismiss  .     (no cloak)
rCorr  .         Reflect  .     (no gloves)
SustAt .         Harm     .     (no boots)
MR     .....                    (no amulet)
Stlth  ++........               (no ring)
                                (no ring)

@: not resistant to hostile enchantments, unstealthy
A: unfitting armour, cold-blooded, AC +5
a: no special abilities


You were on level 3 of the Dungeon.
You were not hungry.

You visited 1 branch of the dungeon, and saw 3 of its levels.

You collected 121 gold pieces.

Inventory:

Hand Weapons
 e - a +0 mace (weapon)
 p - a cursed -3 dagger
 s - a +0 flail
Armour
 k - a +0 shield
Scrolls
 c - 5 scrolls of identify {unknown}
 f - a scroll of fog {unknown}
 g - 2 scrolls of teleportation {unknown}
 h - a scroll of blinking {unknown}
 l - a scroll of noise {unknown}
 n - a scroll of fear {unknown}
 r - a scroll of enchant armour {unknown}
 t - a scroll of magic mapping {unknown}
Potions
 d - a potion of magic {unknown}
 i - 3 potions of might {unknown}
 j - 2 potions of flight {unknown}
 o - a potion of resistance {unknown}
Books
 a - a book of Flames

   Spells                             Type                      Level
   a - Flame Tongue                   Conjuration/Fire             1
   b - Throw Flame                    Conjuration/Fire             2
   c - Conjure Flame                  Conjuration/Fire             3
   d - Inner Flame                    Hexes/Fire                   3
   e - Sticky Flame                   Conjuration/Fire             4
   f - Fireball                       Conjuration/Fire             5
Comestibles
 b - 3 bread rations
 m - a meat ration
 q - 2 chunks of flesh


   Skills:
 + Level 2.3 Fighting
 + Level 2.7 Maces & Flails
 - Level 2.0 Dodging
 - Level 2.4 Stealth
 - Level 2.0 Spellcasting
 - Level 2.2 Conjurations
 - Level 3.2 Fire Magic


You had 7 spell levels left.
You knew the following spells:

 Your Spells              Type           Power        Failure   Level  Hunger
a - Flame Tongue          Conj/Fire      ##...        10%         1    #......


Dungeon Overview and Level Annotations

Branches:
Dungeon (3/15)

Altars:
Elyvilon
Pakellas
Yredelemnul

Annotations:
D:3 Drunkenshrew's ghost, amateur DrFE


Innate Abilities, Weirdness & Mutations

Your plain brown scales are hard (AC +5).
Your body does not fit into most forms of armour.
You are cold-blooded and may be slowed by cold attacks.


Message History

Drunkenshrew's ghost is heavily damaged.
Drunkenshrew's ghost completely misses you.
Drunkenshrew's ghost hits you but does no damage.
You hit Drunkenshrew's ghost but do no damage.
Drunkenshrew's ghost is heavily damaged.
Drunkenshrew's ghost closely misses you.
You hit Drunkenshrew's ghost.
Drunkenshrew's ghost is heavily damaged.
Drunkenshrew's ghost barely misses you.
You hit Drunkenshrew's ghost.
Drunkenshrew's ghost is severely damaged.
Drunkenshrew's ghost hits you but does no damage.
You closely miss Drunkenshrew's ghost.
Drunkenshrew's ghost is severely damaged.
Drunkenshrew's ghost casts a spell at you.
The flame tongue hits you!
* * * LOW HITPOINT WARNING * * *
Drunkenshrew's ghost gestures at you while chanting.
The flame tongue hits you!
You die...

#.#..##.#.# #.....#.#.# #..
###.###...#.#.# ..
............#.# #..
....###.#.###.# ###.. ####.#
#...#.....# ......#.†..#
###'####.##.# #....#.####
#..[....(.#.# #.........#
#.@.........#
#.#.##.##'###W....###.#.#
#.#.##............##....#
#.#.##.†....÷####....#..###
###.#.##....................#
....#.##.........#######.>#.#
.##..†...........# #.....#.#
.##.##.#######...# #.##....#
.....#.# ##### #.###.### #


You could see Drunkenshrew's ghost.

Vanquished Creatures
  5 adders
  4 worms
  3 dart slugs
  3 giant geckos (D:1)
  An orc (D:3)
  11 bats
  4 giant cockroaches
  7 goblins
  7 hobgoblins
  17 jackals
  4 quokkas (D:2)
  6 giant newts
  7 kobolds
  5 rats
84 creatures vanquished.

Notes
Turn   | Place    | Note
--------------------------------------------------------------
     0 | D:1      | Drunkenshrew the Draconian Fire Elementalist began the quest for the Orb.
     0 | D:1      | Reached XP level 1. HP: 14/14 MP: 3/3
   352 | D:1      | Reached XP level 2. HP: 12/20 MP: 0/5
   567 | D:1      | Reached XP level 3. HP: 9/26 MP: 3/6
  1398 | D:1      | Reached skill level 1 in Maces & Flails
  1490 | D:2      | Reached XP level 4. HP: 34/34 MP: 5/7
  1582 | D:2      | Reached skill level 1 in Fighting
  1595 | D:2      | Found an oddly glowing altar of Pakellas.
  2065 | D:2      | Found a basalt altar of Yredelemnul.
  2124 | D:2      | Found a white marble altar of Elyvilon.
  2424 | D:3      | Reached XP level 5. HP: 41/41 MP: 8/8
  2654 | D:3      | Noticed Drunkenshrew's ghost (amateur DrFE)
  2676 | D:3      | Killed from afar by Drunkenshrew's ghost

Skill      XL: |  1  2  3  4 |
---------------+-------------+-----
Dodging        | 2 |  2.0
Stealth        | 2 |  2.4
Conjurations   | 2 |  2.2
Maces & Flails | 1 2 |  2.7
Fighting       | 2 |  2.3
Spellcasting   | |  2.0
Fire Magic     | |  3.2

Action                   |  1- 3 |  4- 6 || total
-------------------------+-------+-------++-------
Melee: Unarmed           |    53 |       ||    53
       Tailslap          |    11 |     6 ||    17
       Mace              |   115 |   143 ||   258
 Cast: Flame Tongue      |    28 |    22 ||    50
 Stab: Sleeping          |     2 |     2 ||     4
  Eat: Chunk             |     3 |     4 ||     7
Armor: Skin              |    73 |    48 ||   121
Dodge: Dodged            |   185 |   140 ||   325
